 Dungeon Sprint DCSS version 0.23.1 (webtiles) character file.

Game seed: 12756424044046194991

16464 nuthulu the Brawler (level 12, -5/137 HPs)
             Began as a Troll Monk on Mar 5, 2019.
             Was the Champion of Qazlal.
             Slain by a fire giant
             ... wielding a +2 great sword of flaming
              (18 damage)
             ... in the Dungeon (Sprint I: "Red Sonja").
             The game lasted 00:07:50 (2104 turns).

nuthulu the Brawler (Troll Monk)                    Turns: 2104, Time: 00:07:51

Health: -5/137     AC: 13    Str: 26    XL:     12   Next: 10%
Magic:  20/20      EV: 16    Int:  6    God:    Qazlal [******]
Gold:   1119       SH:  8    Dex: 12    Spells: 11/11 levels left

rFire    + + .     SeeInvis .     - Unarmed
rCold    . . .     Gourm    +   (no shield)
rNeg     . . .     Faith    .   c - +2 swamp dragon scales
rPois    +         Spirit   .   (helmet restricted)
rElec    .         Reflect  .   (no cloak)
rCorr    .         Harm     .   (gloves unavailable)
MR       +....     NoTele   +   (boots unavailable)
Stlth    +.........             (no amulet)
HPRegen  0.72/turn              l - ring of protection from magic
MPRegen  0.17/turn              k - ring of protection from fire

@: protected from fire, repel missiles
A: large, unfitting armour, claws 3, fast metabolism 3, gourmand, regeneration
1, shaggy fur 1, tough skin 3
a: Upheaval, Elemental Force, Disaster Area, Renounce Religion


You were in the Dungeon.
You worshipped Qazlal.
Qazlal was exalted by your worship.
You were very full.

You visited 1 branch You collected 2501 gold pieces.
You spent 1382 gold pieces at shops.

Inventory:

Armour
 a - a +0 robe
 c - +2 swamp dragon scales (worn)
Jewellery
 j - a +2 ring of intelligence
 k - a ring of protection from fire (right claw)
 l - a ring of protection from magic (left claw)
Scrolls
 h - a scroll of blinking
 o - a scroll of amnesia {unknown}
Potions
 d - a potion of degeneration {unknown}
 f - 3 potions of magic
 g - a potion of berserk rage
 i - a potion of agility {unknown}
 m - a potion of resistance {unknown}
Comestibles
 b - 4 rations


   Skills:
 + Level 13.6 Fighting
 + Level 13.6 Dodging
 - Level 1.0 Stealth
 + Level 15.8 Unarmed Combat
 + Level 12.7 Invocations


You had 11 spell levels left.
You didn't know any spells.
Your spell library was empty.

Dungeon Overview and Level Annotations

Branches:
Dungeon (1/1)

Altars:
Cheibriados
Dithmenos
Elyvilon
Fedhas
Gozag
Hepliaklqana
Kikubaaqudgha
Makhleb
Nemelex Xobeh
Okawaru
Qazlal
Ru
Sif Muna
Trog
Uskayaw
Vehumet
Wu Jian
Xom
Yredelemnul
Zin
The Shining One
Jiyva
Lugonu

Shops:
D (?=}=[:(}}[(}(%[(


Innate Abilities, Weirdness & Mutations

You are too large for most types of armour.
You have claws for hands.
Your metabolism is lightning-fast.
You like to eat raw meat.
Your natural rate of healing is unusually fast.
You are covered in fur. (AC +1)
You have extremely tough skin. (AC +3)


Message History

Unknown command.
You mangle the fire giant!!
The fire giant is lightly wounded.
Something hits you.
* * * LOW HITPOINT WARNING * * *
The fire giant closely misses you.
You mangle the fire giant!!
The fire giant is heavily wounded.
Something hits you.
* * * LOW HITPOINT WARNING * * *
You completely miss the fire giant.
The fire giant is heavily wounded.
Something hits you but does no damage.
The fire giant hits you with a +2 great sword of flaming.
* * * LOW HITPOINT WARNING * * *
Your resistance to physical damage fades away.
You feel protected from fire.
You feel better. Something hits you but does no damage.
The fire giant hits you with a +2 great sword of flaming!!
You die...

...##'#†####§...§##..+)^#.§§§##
...'..#§# ##...#######'#§.§.§#
####..§.# ###§# ($## .#...§§#
..##)#### #.##$$$# .##§.§.#
..#....°# #.§###$# .≈###§##
..#...°°+ ##§#A#$# .≈ #§#
#'###○°^# #..###$# .≈. #+#
#.'.#.○.# #.##..$# .≈# ...
###.#..## #.@#+### ...§§
∩##.#^.# ##.C.# #..§.D§
###.##+# ###)# ...§§.§ .##.#
#.# #...§§§ ..§.# #.# ##.^§^§
###§# #'# ..#÷# ..# .#§.# ###
≈####


You could see a fire giant.

Vanquished Creatures
  2 fire giants (D)
  A hydra (D)
  2 centaur warriors (D)
  Sonja (D)
  6 unseen horrors (D)
  A deep troll (D)
  A lindwurm (D)
  An oklob plant (D)
  2 merfolk sirens (D)
  A gargoyle (D)
  2 kobold demonologists (D)
  4 demonic crawlers (D)
  A hellwing (D)
  3 hornets (D)
  A slime creature (D)
  Sigmund (D)
  A yak (D)
  2 redbacks (D)
  13 hogs (D)
  3 floating eyes (D)
  7 necrophages (D)
  An ogre (D)
  8 jellies (D)
  Ijyb (D)
  2 ballistomycetes (D)
  A ballistomycete spore (D)
69 creatures vanquished.

Vanquished Creatures (others)
  A hornet (D)
  A ballistomycete spore (D)
2 creatures vanquished.

Grand Total: 71 creatures vanquished

Notes
Turn   | Place    | Note
-------+----------+-------------------------------------------
     0 | D        | nuthulu the Troll Monk began the quest for the Orb.
     0 | D        | Reached XP level 1. HP: 22/22 MP: 0/0
     1 | D        | Noticed Ijyb
    14 | D        | Killed Ijyb
    14 | D        | Reached skill level 4 in Unarmed Combat
    14 | D        | Reached XP level 2. HP: 24/31 MP: 1/1
    17 | D        | Noticed an ogre
    23 | D        | Killed an ogre
    23 | D        | Reached skill level 5 in Fighting
    23 | D        | Reached skill level 5 in Dodging
    23 | D        | Reached skill level 6 in Unarmed Combat
    23 | D        | Reached XP level 3. HP: 38/42 MP: 2/2
    23 | D        | Reached XP level 4. HP: 46/50 MP: 3/3
    39 | D        | Noticed Sigmund
    44 | D        | Killed Sigmund
    44 | D        | Reached skill level 7 in Unarmed Combat
    44 | D        | Reached XP level 5. HP: 59/61 MP: 4/4
    57 | D        | Found an ornate altar of the Wu Jian Council.
    57 | D        | Found a deep blue altar of Sif Muna.
    59 | D        | Found a radiant altar of Vehumet.
    64 | D        | Reached skill level 8 in Unarmed Combat
    64 | D        | Reached XP level 6. HP: 46/68 MP: 5/5
   239 | D        | Found Hidu's Magic Scroll Emporium.
   239 | D        | Found an ancient bone altar of Kikubaaqudgha.
   239 | D        | Found a hazy altar of Hepliaklqana.
   239 | D        | Found a hide-covered altar of Uskayaw.
   239 | D        | Found a basalt altar of Yredelemnul.
   239 | D        | Found an opulent altar of Gozag.
   239 | D        | Found a snail-covered altar of Cheibriados.
   239 | D        | Found a sacrificial altar of Ru.
   239 | D        | Found a shadowy altar of Dithmenos.
   239 | D        | Noticed a yak
   243 | D        | Killed a yak
   244 | D        | Found a stormy altar of Qazlal.
   244 | D        | Found a blossoming altar of Fedhas.
   244 | D        | Found a bloodstained altar of Trog.
   244 | D        | Found an iron altar of Okawaru.
   244 | D        | Found a glowing golden altar of the Shining One.
   244 | D        | Found a glowing silver altar of Zin.
   244 | D        | Found a white marble altar of Elyvilon.
   247 | D        | Found a sparkling altar of Nemelex Xobeh.
   251 | D        | Became a worshipper of Qazlal Stormbringer
   251 | D        | Reached * piety under Qazlal
   251 | D        | Reached ** piety under Qazlal
   264 | D        | Found a burning altar of Makhleb.
   264 | D        | Found a viscous altar of Jiyva.
   264 | D        | Found a shimmering altar of Xom.
   264 | D        | Found a corrupted altar of Lugonu.
   264 | D        | Noticed a slime creature
   272 | D        | Killed a slime creature
   272 | D        | Reached skill level 9 in Unarmed Combat
   272 | D        | Reached XP level 7. HP: 79/79 MP: 5/7
   287 | D        | Noticed a kobold demonologist
   287 | D        | Noticed a kobold demonologist
   289 | D        | Paralysed by a floating eye for 3 turns
   290 | D        | Noticed an orange demon
   299 | D        | Noticed a rust devil
   304 | D        | Killed a kobold demonologist
   304 | D        | Reached skill level 10 in Unarmed Combat
   304 | D        | Reached XP level 8. HP: 67/89 MP: 8/10
   310 | D        | Killed a kobold demonologist
   310 | D        | Reached *** piety under Qazlal
   310 | D        | Reached skill level 5 in Invocations
   403 | D        | Noticed a centaur warrior
   405 | D        | Noticed a centaur warrior
   413 | D        | Killed a centaur warrior
   413 | D        | Reached skill level 11 in Unarmed Combat
   419 | D        | Killed a centaur warrior
   419 | D        | Reached skill level 10 in Fighting
   419 | D        | Reached skill level 10 in Dodging
   419 | D        | Reached XP level 9. HP: 37/101 MP: 10/13
   631 | D        | Reached skill level 12 in Unarmed Combat
   646 | D        | Noticed an oklob plant
   651 | D        | Killed an oklob plant
   651 | D        | Reached **** piety under Qazlal
   816 | D        | Noticed a deep troll
   824 | D        | Killed a deep troll
   867 | D        | Found Wulutedo's Armour Emporium.
   880 | D        | Noticed Sonja
   892 | D        | Killed Sonja
   892 | D        | Reached XP level 10. HP: 47/111 MP: 15/15
  1049 | D        | Found Dibegeiz's Weapon Boutique.
  1082 | D        | Bought +2 swamp dragon scales for 682 gold pieces
  1195 | D        | Reached ***** piety under Qazlal
  1206 | D        | Reached skill level 13 in Unarmed Combat
  1254 | D        | Killed an unseen horror
  1259 | D        | Killed an unseen horror
  1291 | D        | Reached ****** piety under Qazlal
  1297 | D        | Reached skill level 10 in Invocations
  1383 | D        | Found Ykleroir's Gadget Shoppe.
  1383 | D        | Found Fulus's Jewellery Shop.
  1383 | D        | Found Xar Tilu's Jewellery Boutique.
  1385 | D        | Found Xegh's Armour Emporium.
  1385 | D        | Found Poum's Book Shop.
  1385 | D        | Found Humpoll's Weapon Shoppe.
  1385 | D        | Found Beel's Gadget Boutique.
  1385 | D        | Found Foahyoma's Gadget Emporium.
  1385 | D        | Found Binu's Armour Shop.
  1385 | D        | Found Aphon's Antique Weapon Shoppe.
  1388 | D        | Found Ismua's Gadget Boutique.
  1389 | D        | Found Puwniom's Food Emporium.
  1389 | D        | Found Sijatobb's Weapon Boutique.
  1390 | D        | Found Roiny's Antique Weapon Emporium.
  1409 | D        | Bought an uncursed ring of protection from fire for 350
                  | gold pieces
  1409 | D        | Bought an uncursed ring of protection from magic for 350
                  | gold pieces
  1671 | D        | Noticed a gargoyle
  1680 | D        | Killed a gargoyle
  1680 | D        | Reached skill level 14 in Unarmed Combat
  1680 | D        | Reached XP level 11. HP: 109/122 MP: 17/17
  1692 | D        | Noticed a lindwurm
  1699 | D        | Killed a lindwurm
  1787 | D        | Noticed a 12-headed hydra
  1790 | D        | Killed a 13-headed hydra
  1949 | D        | Noticed a shadow dragon
  1958 | D        | Noticed a deep elf annihilator
  1992 | D        | Noticed a daeva
  1993 | D        | Noticed an unseen horror
  1993 | D        | Noticed an unseen horror
  1994 | D        | Noticed an unseen horror
  1998 | D        | Killed an unseen horror
  1998 | D        | Reached skill level 15 in Unarmed Combat
  2000 | D        | Killed an unseen horror
  2001 | D        | Killed an unseen horror
  2020 | D        | Noticed an unseen horror
  2021 | D        | Killed an unseen horror
  2057 | D        | Noticed a fire giant
  2067 | D        | Killed a fire giant
  2076 | D        | Noticed a fire giant
  2086 | D        | Killed a fire giant
  2086 | D        | Reached XP level 12. HP: 49/136 MP: 20/20
  2097 | D        | Noticed a fire giant
  2102 | D        | HP: 5/137 [something (3)]
  2104 | D        | Slain by a fire giant

Skill      XL: |  1  2  3  4  5  6  7  8  9 10 11 |
---------------+----------------------------------+-----
Fighting       | 3 5 6 7 8 10 12 13 | 13.6
Dodging        | 3 5 6 8 10 11 12 13 | 13.6
Unarmed Combat | 4 6 7 8 9 10 11 12 14 15 | 15.8
Invocations    | 2 4 7 8 10 12 | 12.7
Stealth        | |  1.0

Action                   |  1- 3 |  4- 6 |  7- 9 | 10-12 || total
-------------------------+-------+-------+-------+-------++-------
Melee: Unarmed           |    16 |    16 |    43 |   202 ||   277
       Punch             |       |     2 |     1 |    17 ||    20
Invok: Disaster Area     |       |       |       |     3 ||     3
  Use: Potion            |       |       |     2 |     3 ||     5
       Scroll            |       |       |     1 |       ||     1
  Eat: Chunk             |       |       |    11 |     8 ||    19
       Ration            |       |       |       |     1 ||     1
Armor: Robe              |     2 |     3 |    14 |       ||    19
       Swamp dragon scal |       |       |       |    98 ||    98
Dodge: Dodged            |     5 |     5 |    51 |   106 ||   167
       Deflected         |       |       |       |     1 ||     1
Block: Other             |       |       |    10 |    63 ||    73
